 Dungeon Crawl Stone Soup version 0.31.0-11-ge490571c62 (webtiles) character file.

Game seed: 16825953069759294886

322376 Yore the Slayer (level 21, -19/154 HPs)
             Began as a Gargoyle Fighter on Feb 1, 2024.
             Was a High Priest of the Shining One.
             Demolished by a vault warden
             ... wielding a +3 long sword of electrocution
              (27 damage)
             ... on level 4 of the Vaults.
             The game lasted 01:43:11 (50127 turns).

Yore the Slayer (Gargoyle Fighter)                 Turns: 50127, Time: 01:43:13

Health: -19/154    AC: 38    Str: 32    XL:     21   Next: 55%
Magic:  30/35      EV: 18    Int: 15    God:    the Shining One [*****.]
Gold:   2507       SH: 19    Dex: 15    Spells: 20/20 levels left

rFire   + . .        R - +3 morningstar (holy)
rCold   . . .        c - +2 kite shield
rNeg    + + +        t - +4 ring mail of the Goldsmith {Will+ Slay+3}
rPois   ∞            h - +1 helmet "Zotephin" {Int+5}
rElec   +            w - +0 cloak of the Ladybird {rPois Stlth+}
rCorr   .            Q - +0 pair of gloves {Dex+3}
SInv    .            m - +1 pair of boots of the Tormentor {Str+3}
Will    ++...        q - amulet "Lebbor" {Reflect rElec Str+5 Dex-3 SH+5}
Stlth   +            k - ring of protection from fire
HPRegen 0.45/turn    l - ring of Lenoc {rPois EV+5 Slay+3}
MPRegen 0.24/turn

%: reflection
@: flying, glowing
A: sickness immunity, AC +16, big wings, negative energy resistance 1,
electricity resistance, torment resistance 1, petrification resistance
}: 2/15 runes: serpentine, barnacled
a: Renounce Religion, Divine Shield, Cleansing Flame, Summon Divine Warrior


You were on level 4 of the Vaults.
You worshipped the Shining One.
The Shining One was extremely pleased with you.
You visited 8 branches of the dungeon, and saw 38 of its levels.
You visited the Abyss 1 time.
You also visited: Ossuary, Bailey and Gauntlet.

You collected 4310 gold pieces.
You spent 1803 gold pieces at shops.

Inventory:

Hand Weapons
 d - a +1 whip of electrocution
 R - a +3 morningstar of holy wrath (weapon)
Missiles
 y - 7 silver javelins
 B - 5 throwing nets
 G - 37 boomerangs (quivered)
 Z - 3 javelins
Armour
 c - a +2 kite shield (worn)
 h - the +1 helmet "Zotephin" (worn) {Int+5}
   (You found it in a Gauntlet)

   Int+5:     It affects your intelligence (+5).
 m - the +1 pair of boots of the Tormentor (worn) {Str+3}
   (You found it on level 3 of the Dungeon)

   Str+3:     It affects your strength (+3).
 t - the +4 ring mail of the Goldsmith (worn) {Will+ Slay+3}
   (You bought it in a shop on level 2 of the Orcish Mines)

   Slay+3:    It affects your accuracy & damage with ranged weapons and melee
   (+3).
   Will+:     It increases your willpower.
 w - the +0 cloak of the Ladybird (worn) {rPois Stlth+}
   (You found it in a Gauntlet)

   rPois:     It protects you from poison Stlth+: It makes you more stealthy.
 D - a +2 tower shield
 Q - a +0 pair of gloves of dexterity (worn)
Jewellery
 k - a ring of protection from fire (left hand)
 l - the ring of Lenoc (right hand) {rPois EV+5 Slay+3}
   (You found it in a Gauntlet)

   [ring of evasion]

   EV+5:      It affects your evasion (+5).
   Slay+3:    It affects your accuracy & damage with ranged weapons and melee
   (+3).
   rPois:     It protects you from poison
 q - the amulet "Lebbor" (around neck) {Reflect rElec Str+5 Dex-3 SH+5}
   (You acquired it on level 14 of the Dungeon)

   [amulet of reflection]

   Reflect:   It reflects blocked missile attacks.
   Str+5:     It affects your strength (+5).
   Dex-3:     It affects your dexterity (-3).
   rElec:     It insulates you from electricity.
   SH+5:      It affects your SH (+5).
 A - an amulet of faith
 E - a ring of resist corrosion
 S - a ring of protection from cold
Wands
 p - a wand of paralysis (5)
 u - a wand of roots (23)
 F - a wand of flame (56)
 I - a wand of digging (8)
 J - a wand of mindburst (6)
 L - a wand of acid (19)
Scrolls
 b - 6 scrolls of enchant armour
 e - 13 scrolls of teleportation
 f - 4 scrolls of fog
 i - a scroll of amnesia
 r - 2 scrolls of fear
 s - 5 scrolls of silence
 C - 4 scrolls of enchant weapon
 H - 3 scrolls of brand weapon
 K - 2 scrolls of revelation
 V - 9 scrolls of identify
 X - a scroll of butterflies
 Y - 4 scrolls of poison
Potions
 g - a potion of curing
 j - 5 potions of mutation
 v - 3 potions of magic
 x - 2 potions of resistance
 z - 2 potions of enlightenment
 M - 3 potions of might
 N - a potion of lignification
 O - 2 potions of haste
 W - a potion of brilliance
Miscellaneous
 n - a phantom mirror
 o - a lightning rod (1/4)
 P - a phial of floods
 U - a sack of spiders


   Skills:
 * Level 23.5 Fighting
 + Level 14.8 Maces & Flails
 + Level 17.4 Armour
 - Level 5.0 Dodging
 + Level 12.3 Shields
 * Level 21.4 Invocations


You had 20 spell levels left.
You didn't know any spells.
Your spell library contained the following spells:

 Spells                   Type           Power      Damage    Failure   Level
 Foxfire                  Conj/Fire      0%         2x1d4     43%         1
 Kiss of Death            Conj/Necr      0%         2d5       43%         1
 Call Imp                 Summ           0%         N/A       58%         2
 Confusing Touch          Hex            0%         N/A       82%         3
 Dazzling Flash           Conj/Hex       0%         N/A       82%         3
 Fugue of the Fallen      Necr           0%         N/A       82%         3
 Inner Flame              Hex/Fire       0%         N/A       82%         3
 Mephitic Cloud           Conj/Alch/Air  0%         N/A       82%         3
 Ozocubu's Armour         Ice            0%         N/A       82%         3
 Tukima's Dance           Hex            0%         N/A       82%         3
 Dimensional Bullseye     Hex/Tloc       0%         N/A       99%         4
 Dispel Undead            Necr           0%         3d6       99%         4
 Iskenderun's Mystic Bla  Conj/Tloc      0%         2d3       99%         4
 Manifold Assault         Tloc           0%         N/A       99%         4
 Curse of Agony           Necr           0%         N/A       100%        5
 Irradiate                Conj/Alch      0%         3d11      100%        5
 Silence                  Hex/Air        0%         N/A       100%        5
 Plasma Beam              Fire/Air       0%         2x1d10    100%        6
 Starburst                Conj/Fire      0%         6d3       100%        6
 Summon Hydra             Summ           0%         N/A       100%        7
 Ignition                 Fire           0%         3d3       100%        8
 Chain Lightning          Conj/Air       0%         N/A       100%        9
 Fire Storm               Conj/Fire      0%         5d1       100%        9
 Shatter                  Erth           0%         3d5*      100%        9
 Sublimation of Blood     Necr           Unusable   N/A       N/A         2

Dungeon Overview and Level Annotations

Branches:
Dungeon (15/15)            Temple (1/1) D:7            Lair (5/5) D:10
 Shoals (4/4) Lair:3        Snake (4/4) Lair:3        Slime (0/5) Lair:4
    Orc (2/2) D:9             Elf (0/3) Orc:2        Vaults (4/5) D:13
  Crypt (3/3) Vaults:2    Ossuary (visited)          Bailey (visited)
Gauntlet (visited)
   Tomb: Crypt:3     Depths: D:15

Altars:
Ashenzari
Cheibriados
Dithmenos
Elyvilon
Fedhas
Gozag
Hepliaklqana
Kikubaaqudgha
Makhleb
Nemelex Xobeh
Okawaru
Qazlal
Ru
Sif Muna
Trog
Uskayaw
Vehumet
Wu Jian
Xom
Yredelemnul
Zin
The Shining One
Jiyva
Lugonu

Shops:
D:2 =[?==   D:3 *   D:4 !   Orc:1 ([((:   Orc:2 [*(?:   Vaults:2 [

Annotations:
D:9 1 runed translucent door
D:15 Jorgrun; Roxanne
Lair:1 3 runed translucent doors, Taxzan's ghost, journeyman MiGl
Shoals:2 exclusion: ice statue
Shoals:4 1 runed translucent door, Theoretic's ghost, adept GrRe
Orc:2 2 transporters, stipulation's ghost, journeyman VSNe


Innate Abilities, Weirdness & Mutations

You are immune to sickness and miasma.
Your stone body is resilient. (AC +16)
You are immune to poison.
Your large and strong wings let you fly.
You resist negative energy. (rN+)
You are resistant to electric shocks. (rElec)
You are resistant to unholy torment.
You are immune to petrification.


Message History

You block the vault guard's attack. You block the vault warden's attack.
You block the ironbound preserver's attack.
You impale the yaktaur captain!!
The yaktaur captain is moderately wounded.
The ironbound preserver barely misses you.
You block the vault guard's attack.
The vault warden hits you with a +3 long sword of electrocution!
The yaktaur captain hits you.
The ironbound preserver barely misses you.
Activating: Cleansing Flame (0% risk of failure)
Press: ? - help, Dir - look around, f - activate The golden flame engulfs you but does no damage.
You resist.
The golden flame engulfs the vault guard!!!
The vault guard is almost dead.
The golden flame engulfs the yaktaur captain!!
The yaktaur captain is heavily wounded.
The golden flame engulfs the vault warden!!!
The vault warden is heavily wounded.
The golden flame engulfs the ironbound preserver!!!
The ironbound preserver is heavily wounded.
The golden flame engulfs the ironbound preserver!
The ironbound preserver is lightly wounded.
The ironbound preserver completely misses you.
The vault guard hits you with a +0 long sword.
The vault warden hits you with a +3 long sword of electrocution!!!
* * * LOW HITPOINT WARNING * * *
You block the ironbound preserver's attack.
You block the yaktaur captain's attack.
Unknown command.
Okay, then.
Okay, then.
Unknown command.
The yaktaur captain wields a +0 arbalest.
The yaktaur captain shoots a bolt.
You block the bolt with an invisible shield... and reflect it back!
The bolt hits the yaktaur captain!!
The vault warden attacks as it pursues you!
The vault warden hits you with a +3 long sword of electrocution!!
You die...

............#
.............#
........!....#
.............#
............#
............#
#........#
#..p@....#
#..pp....#
#.cp.$...#
#........#
#........#
#........#
#........#
#........#
#........#


You could see 2 ironbound preservers, a vault warden (strong), a yaktaur captain
and a vault guard (strong).

Vanquished Creatures
  Mara (Shoals:3)
  Bai Suzhen (Snake:4)
  Vashnia (Snake:3)
  Mlioglotl (Shoals:2)
  A shard shrike zombie (Crypt:1)
  Asterion (Snake:3)
  Polyphemus (Shoals:2)
  2 tentacled starspawn (Abyss:3)
  A thorn hunter (Abyss:3)
  2 revenants (Crypt:1)
  3 nagarajas (Snake:4)
  A frost giant (Shoals:4)
  A deep elf elementalist (Abyss:3)
  9 vault wardens
  A shard shrike simulacrum (Abyss:3)
  7 ghouls (Crypt:1)
  An orc warlord (Vaults:2)
  A curse skull (Crypt:1)
  A very ugly thing (Vaults:1)
  9 ironbound preservers
  2 formless jellyfish
  A quicksilver ooze (Gauntlet)
  A vampire knight (Crypt:1)
  A deep elf demonologist (Abyss:3)
  A stone giant (Vaults:3)
  9 ironbound thunderhulks
  A minotaur (Gauntlet)
  4 dire elephants (Vaults:1)
  2 war gargoyles (Vaults:3)
  5 eidola
  A green death (Gauntlet)
  2 entropy weavers
  The ghost of Rassilon the Martial Artist, a journeyman DsMo of Wu Jian (D:12)
  8 merfolk impalers
  3 merfolk javelineers
  5 yaktaur captains
  6 hydras
  6 salamander tyrants
  A great orb of eyes (Vaults:3)
  7 catoblepae
  Erolcha (Orc:1)
  11 vault guards
  An alligator snapping turtle (Shoals:4)
  A death knight (Crypt:1)
  3 peacekeepers
  4 boulder beetles
  3 merfolk aquamancers (Shoals:4)
  9 centaur warriors
  7 ironbound frosthearts
  9 anacondas
  2 two-headed ogres
  2 merfolk avatars
  11 naga warriors
  3 satyrs
  7 death yaks
  A deep troll shaman (Lair:5)
  A vampire mage (Crypt:2)
  A hell knight (Vaults:1)
  3 orc high priests (Orc:2)
  5 shock serpents
  12 naga sharpshooters
  Sonja (Lair:3)
  9 skeletal warriors
  Lodul (D:10)
  6 salamander mystics
  5 skysharks
  A wretched star (Abyss:3)
  27 deep trolls
  A glowing orange brain (Abyss:3)
  8 arcanists
  12 sea snakes
  4 naga ritualists
  12 ironbound convokers
  10 lindwurms
  A bog body (Crypt:1)
  9 mana vipers
  2 large abominations (Abyss:3)
  Pikel (D:4)
  10 harpies
  8 orc knights
  An elf skeleton (Vaults:2)
  A necromancer (Vaults:2)
  9 phantasmal warriors
  8 ugly things
  25 salamanders
  4 cyclopes
  3 orc sorcerers (Orc:2)
  14 fauns
  2 worldbinders (Abyss:3)
  3 meliai
  13 manticores
  11 vault sentinels
  A black mamba (shapeshifter) (D:12)
  22 elephants
  An iron dragon skeleton (Crypt:2)
  A kobold blastminer (Orc:2)
  8 guardian serpents
  A stone giant skeleton (Crypt:1)
  6 water nymphs
  6 merfolk sirens
  29 black mambas
  17 naga magi
  A torpor snail (Lair:5)
  A yaktaur zombie (Vaults:2)
  17 cane toads
  2 smoke demons (Abyss:3)
  3 orange demons
  3 rime drakes
  18 yaktaurs
  A grey draconian skeleton (Crypt:2)
  A kobold demonologist (D:10)
  A tormentor (Abyss:3)
  An efreet (D:14)
  4 freezing wraiths
  8 komodo dragons
  A swamp worm zombie (Crypt:1)
  A death yak skeleton (Crypt:2)
  A human skeleton (Vaults:2)
  6 trolls
  A redback zombie (Crypt:1)
  7 wind drakes
  Grinder (D:5)
  A hornet (D:8)
  2 polar bears
  27 merfolk
  A boulder beetle zombie (Crypt:1)
  4 snapping turtles
  3 raiju (Abyss:3)
  25 dream sheep
  16 blink frogs
  A jumping spider (Vaults:1)
  An ettin skeleton (Crypt:1)
  3 small abominations (Abyss:3)
  57 yaks
  2 spriggans (Lair:4)
  4 wraiths
  18 slime creatures
  A culicivora (Vaults:1)
  3 shadows
  3 ynoxinuls (Abyss:3)
  8 wyverns
  8 water elementals
  3 steam dragons
  10 basilisks
  2 redbacks
  3 humans (D:13)
  A neqoxec (Abyss:3)
  A warg (Orc:2)
  2 chaos spawn (Abyss:3)
  3 acid dragons
  33 nagas
  13 water moccasins
  A glowing shapeshifter skeleton (Vaults:2)
  2 black bears
  2 swamp dragon zombies
  A sky beast (D:6)
  22 orc warriors
  17 wolves
  27 laughing skulls
  14 ogres
  3 centaurs
  A phantom (D:4)
  A kobold brigand (D:6)
  2 necrophages (Crypt:1)
  19 bullfrogs
  3 gnoll sergeants
  2 scorpions
  A warg skeleton (Crypt:1)
  13 wights
  A cyclops skeleton (Crypt:1)
  10 howler monkeys
  A crimson imp (Abyss:3)
  4 bombardier beetles
  4 centaur zombies (Ossuary)
  2 bullfrog zombies (Ossuary)
  17 orc priests
  3 hounds
  2 human zombies
  4 jellies (Lair:4)
  2 sleepcaps
  Terence (D:3)
  3 iguanas
  16 orc wizards
  A scorpion zombie (Ossuary)
  An ogre zombie (Ossuary)
  Robin (D:4)
  22 gnolls
  9 adders
  2 shadow imps
  A ribbon worm zombie (D:6)
  5 white imps
  4 ufetubi
  6 adder zombies (Ossuary)
  2 dart slugs
  2 ribbon worms
  An orc (shapeshifter) (D:14)
  98 orcs
  3 bats
  8 endoplasms
  3 giant cockroaches
  5 gnoll zombies (Ossuary)
  6 goblins
  16 hobgoblins
  4 jackals (D:1)
  4 quokkas
  5 ball pythons
  16 frilled lizards
  A frilled lizard zombie (Crypt:2)
  A giant cockroach zombie (Crypt:1)
  4 goblin zombies (Ossuary)
  4 hobgoblin zombies (Ossuary)
  19 kobolds
  2 orc zombies (Ossuary)
  8 rats
  A river rat skeleton (Crypt:2)
1328 creatures vanquished.

Vanquished Creatures (collateral kills)
  Frances (D:13)
  The ghost of Potutehi the Blocker, a journeyman DDFi of Makhleb (Orc:1)
  An ironbound preserver (Vaults:2)
  4 dire elephants
  A crystal guardian (Vaults:3)
  A hydra (Lair:4)
  An ironbound frostheart (D:13)
  A centaur warrior (D:13)
  3 deep trolls (Vaults:2)
  A lindwurm (Vaults:3)
  2 orc knights (Vaults:2)
  An ugly thing (D:14)
  A moth of wrath (Orc:1)
  An acid dragon (D:13)
  A water moccasin (Lair:4)
  An orc priest (Orc:1)
  An orc (Orc:1)
23 creatures vanquished.

Vanquished Creatures (others)
  Aizul (Snake:3)
  A salamander mystic (Snake:4)
  A naga (Snake:4)
  A white imp (D:7)
  An orc (D:7)
  A spectral weapon (Snake:3)
  4 starspawn tentacles (Abyss:3)
10 creatures vanquished.

Grand Total: 1361 creatures vanquished

Notes
Turn   | Place    | Note
-------+----------+-------------------------------------------
     0 | D:1      | Yore the Gargoyle Fighter began the quest for the Orb.
     0 | D:1      | Reached XP level 1. HP: 14/14 MP: 1/1
     2 | D:1      | Noticed a merfolk
     2 | D:1      | Noticed a ghoul
     4 | D:1      | Noticed an octopode
     4 | D:1      | Noticed a djinni
     6 | D:1      | Noticed a minotaur
     6 | D:1      | Noticed a formicid
     8 | D:1      | Noticed a troll
     8 | D:1      | Noticed a human
    10 | D:1      | Noticed a demigod
    10 | D:1      | Noticed a vine stalker
    37 | D:1      | Reached XP level 2. HP: 19/19 MP: 2/2
   290 | D:1      | Reached XP level 3. HP: 24/24 MP: 3/3
   671 | D:1      | Noticed a tengu
   673 | D:1      | Noticed a felid
   675 | D:1      | Noticed a draconian
   675 | D:1      | Noticed a demonspawn
   874 | D:2      | Found Jiddev's Magic Scroll Emporium.
   883 | D:2      | Bought a scroll of teleportation for 39 gold pieces
   883 | D:2      | Bought a scroll of identify for 26 gold pieces
   886 | D:2      | Found a faded altar of an unknown god.
   912 | D:2      | Found Puomn's Jewellery Boutique.
   937 | D:2      | Reached skill level 4 in Fighting
   958 | D:2      | Found Deijy's Antique Armour Emporium.
  1045 | D:2      | Found Fosajer's Jewellery Emporium.
  1187 | D:2      | Reached XP level 4. HP: 29/29 MP: 4/4
  1373 | D:2      | Found Mitiemun's Jewellery Shoppe.
  1641 | D:3      | Found Iketist's General Store.
  1676 | D:3      | Noticed Terence
  1709 | D:3      | Reached XP level 5. HP: 31/34 MP: 5/5
  1720 | D:3      | Killed Terence
  1771 | D:3      | Identified the +1 pair of boots of the Tormentor {Str+3}
  1885 | D:3      | Reached skill level 5 in Fighting
  2034 | D:3      | Found a basalt altar of Yredelemnul.
  2310 | D:3      | Found a shimmering blue altar of Sif Muna.
  2517 | D:3      | Found a sparkling altar of Nemelex Xobeh.
  2717 | D:4      | Noticed a phantom
  2743 | D:4      | Killed a phantom
  2744 | D:4      | Reached XP level 6. HP: 36/40 MP: 6/6
  2778 | D:4      | Found a hazy altar of Hepliaklqana.
  2876 | D:4      | Noticed Pikel
  2900 | D:4      | Killed Pikel
  2901 | D:4      | Reached skill level 7 in Fighting
  2901 | D:4      | Reached skill level 5 in Armour
  2901 | D:4      | Reached XP level 7. HP: 38/48 MP: 7/7
  2963 | D:4      | Found Bappeusu's Distillery.
  2977 | D:4      | Bought a potion of heal wounds for 65 gold pieces
  2977 | D:4      | Bought a potion of berserk rage for 65 gold pieces
  3025 | D:4      | Noticed Robin
  3033 | D:4      | Killed Robin
  3126 | D:4      | Reached XP level 8. HP: 53/53 MP: 8/8
  3446 | D:5      | Entered Level 5 of the Dungeon
  3709 | D:5      | Noticed Grinder
  3735 | D:5      | Killed Grinder
  3736 | D:5      | Reached skill level 8 in Fighting
  3736 | D:5      | Reached skill level 5 in Maces & Flails
  4185 | D:5      | Found a bloodstained altar of Trog.
  4310 | D:6      | Found a sand-covered staircase.
  4334 | D:6      | Found a broken altar of Ashenzari.
  4351 | Ossuary  | Entered an ossuary
  4515 | Ossuary  | Reached skill level 9 in Fighting
  4626 | Ossuary  | Reached XP level 9. HP: 60/60 MP: 9/9
  4666 | Ossuary  | Noticed a silent spectre
  4973 | D:6      | Found a burning altar of Makhleb.
  4981 | D:6      | Found a snail-covered altar of Cheibriados.
  5472 | D:7      | Reached skill level 10 in Fighting
  6295 | D:7      | Found a blossoming altar of Fedhas.
  6357 | D:7      | Reached skill level 11 in Fighting
  6357 | D:7      | Reached XP level 10. HP: 65/69 MP: 10/10
  6409 | D:7      | Found a staircase to the Ecumenical Temple.
  6419 | Temple   | Entered the Ecumenical Temple
  6435 | Temple   | Became a worshipper of the Shining One
  6578 | D:8      | Found an ancient bone altar of Kikubaaqudgha.
  6638 | D:8      | Reached skill level 1 in Invocations
  6757 | D:8      | Found a flagged portal.
  6767 | Bailey   | Entered a bailey
  7063 | Bailey   | Noticed an orc knight
  7494 | D:8      | Found Zin's Purification Station.
  7494 | D:8      | Found a glowing silver altar of Zin.
  7523 | D:8      | Bought a potion of curing for 90 gold pieces
  7828 | D:8      | Found a sacrificial altar of Ru.
  8181 | D:9      | Found a runed translucent door.
  8181 | D:9      | Noticed a sixfirhy
  8276 | D:9      | Reached * piety under the Shining One
  8704 | D:9      | Reached skill level 12 in Fighting
  8891 | D:9      | Reached skill level 5 in Invocations
  9379 | D:9      | Found a staircase to the Orcish Mines.
  9729 | D:10     | Entered Level 10 of the Dungeon
  9759 | D:10     | Reached XP level 11. HP: 76/76 MP: 15/15
 10014 | D:10     | Noticed Lodul
 10148 | D:10     | Noticed an orc knight
 10148 | D:10     | Reached ** piety under the Shining One
 10163 | D:10     | Killed an orc knight
 10600 | D:10     | Killed Lodul
 10643 | D:10     | Reached skill level 13 in Fighting
 10817 | D:10     | Found a staircase to the Lair.
 11097 | D:10     | Found an opulent altar of Gozag.
 11249 | Lair:1   | Entered Level 1 of the Lair of Beasts
 11358 | D:11     | Noticed a two-headed ogre
 11366 | D:11     | Killed a two-headed ogre
 11573 | D:11     | Reached skill level 10 in Armour
 11804 | D:11     | Reached XP level 12. HP: 65/84 MP: 18/18
 12748 | D:12     | Reached skill level 14 in Fighting
 12828 | D:12     | Found a runed translucent gate.
 12828 | D:12     | Found a runed translucent gate.
 12829 | D:12     | Found a runed translucent gate.
 12829 | D:12     | Reached *** piety under the Shining One
 12832 | D:12     | Noticed Rassilon's ghost (journeyman DsMo)
 13308 | D:12     | Noticed an entropy weaver
 13374 | D:12     | Noticed a four-headed hydra
 13923 | D:10     | Reached skill level 10 in Invocations
 14069 | Lair:1   | Noticed Taxzan's ghost (journeyman MiGl)
 14270 | Lair:1   | Noticed a catoblepas
 14404 | Lair:1   | Killed a catoblepas
 14440 | Lair:1   | Reached skill level 15 in Fighting
 14570 | Lair:1   | Reached XP level 13. HP: 92/92 MP: 20/20
 14733 | Lair:1   | Reached **** piety under the Shining One
 14753 | Lair:1   | Found a runed translucent gate.
 14756 | Lair:1   | Found a runed translucent gate.
 14757 | Lair:1   | Found a runed translucent gate.
 14775 | Lair:1   | Noticed an ice dragon
 14955 | Lair:1   | Reached skill level 10 in Maces & Flails
 16537 | Lair:3   | Found a staircase to the Snake Pit.
 16596 | Lair:3   | Reached skill level 16 in Fighting
 16728 | Lair:3   | Noticed Sonja
 16781 | Lair:3   | Killed Sonja
 16996 | Lair:3   | Gained mutation: Your large and strong wings let you fly.
                  | [Gargoyle growth]
 16996 | Lair:3   | Reached XP level 14. HP: 87/100 MP: 23/23
 17054 | Lair:3   | Found a staircase to the Shoals.
 17469 | Lair:3   | Identified the +0 pair of gloves of the Beginning {Fly rN+}
 17985 | Lair:4   | Found a burning altar of Makhleb.
 18091 | Lair:4   | Reached ***** piety under the Shining One
 18188 | Lair:4   | Reached skill level 1 in Dodging
 18518 | Lair:4   | Reached skill level 17 in Fighting
 18518 | Lair:4   | Reached XP level 15. HP: 107/107 MP: 23/25
 18558 | Lair:4   | Found a staircase to the Slime Pits.
 18572 | Lair:4   | Found a viscous altar of Jiyva.
 18874 | Lair:5   | Entered Level 5 of the Lair of Beasts
 20269 | Lair:5   | Reached skill level 18 in Fighting
 20286 | Lair:5   | Reached XP level 16. HP: 107/114 MP: 27/27
 21176 | D:13     | Noticed Frances
 21681 | D:13     | Reached skill level 15 in Invocations
 21842 | D:13     | Killed Frances
 21978 | D:13     | Found a gate to the Vaults.
 22152 | Orc:1    | Entered Level 1 of the Orcish Mines
 22261 | Orc:1    | Found Isik's Weapon Boutique.
 22389 | Orc:2    | Entered Level 2 of the Orcish Mines
 22391 | Orc:2    | Found a staircase to the Elven Halls.
 22550 | Orc:2    | Noticed stipulation's ghost (journeyman VSNe)
 22563 | Orc:2    | Found a transporter.
 22587 | Orc:2    | Found a transporter.
 22610 | Orc:2    | Found Ponory's Book Emporium.
 23692 | Orc:2    | Found Uqosadgh's Antique Armour Shoppe.
 23692 | Orc:2    | Found Ryedd's Assorted Antiques.
 23694 | Orc:2    | Found Irisapeo's Antique Weapon Shoppe.
 23694 | Orc:2    | Found Nihiluh's Magic Scroll Boutique.
 23700 | Orc:2    | Bought a smoking ring mail for 243 gold pieces
 23700 | Orc:2    | Identified the +4 ring mail of the Goldsmith {Will+ Slay+3}
                  | (You bought it in a shop on level 2 of the Orcish Mines)
 23703 | Orc:2    | Bought a scroll of acquirement for 676 gold pieces
 23703 | Orc:2    | Bought a scroll of fog for 52 gold pieces
 23703 | Orc:2    | Bought a scroll of teleportation for 39 gold pieces
 23703 | Orc:2    | Bought a scroll of teleportation for 39 gold pieces
 23705 | Orc:2    | Bought a scroll of identify for 60 gold pieces
 23708 | Orc:2    | Bought a scroll of butterflies for 52 gold pieces
 23708 | Orc:2    | Bought a scroll of poison for 52 gold pieces
 23708 | Orc:2    | Bought a scroll of identify for 26 gold pieces
 23811 | Orc:1    | Found a transporter.
 23817 | Orc:1    | Found a transporter.
 23817 | Orc:1    | Found a bloodstained altar of Trog.
 23821 | Orc:1    | Noticed Potutehi's ghost (journeyman DDFi)
 23851 | Orc:1    | Found Voysaelle's Weapon Shoppe.
 23858 | Orc:1    | Noticed Erolcha
 23865 | Orc:1    | Killed Erolcha
 23981 | Orc:1    | Found Zupso's Antique Weapon Boutique.
 23992 | Orc:1    | Found Ukluso's Book Shoppe.
 24093 | Orc:1    | Found Zetuly's Antique Armour Emporium.
 24096 | Orc:1    | Bought a pitted ring mail for 279 gold pieces
 24096 | Orc:1    | Identified the +4 ring mail "Hemigued" {^Contam rPois Int+2
                  | Dex+4} (You bought it in a shop on level 1 of the Orcish
                  | Mines)
 24229 | Orc:1    | Killed Potutehi's ghost
 24518 | D:12     | Reached skill level 5 in Shields
 24541 | D:12     | Killed Rassilon's ghost
 25081 | D:15     | Entered Level 15 of the Dungeon
 25119 | D:15     | Noticed Roxanne
 25177 | D:14     | Found a gate leading to a gauntlet.
 25182 | Gauntlet | Entered a Gauntlet
 25182 | Gauntlet | Found a transporter.
 25182 | Gauntlet | Found a transporter.
 25186 | Gauntlet | Found a transporter.
 25186 | Gauntlet | Found a transporter.
 25188 | Gauntlet | Found a large runed translucent door.
 25189 | Gauntlet | Found a large runed translucent door.
 25190 | Gauntlet | Found a large runed translucent door.
 25190 | Gauntlet | Found a large runed translucent door.
 25190 | Gauntlet | Found a runed translucent door.
 25190 | Gauntlet | Found a runed translucent door.
 25191 | Gauntlet | Found a large runed translucent door.
 25192 | Gauntlet | Found a large runed translucent door.
 25193 | Gauntlet | Found a large runed translucent door.
 25193 | Gauntlet | Found a large runed translucent door.
 25194 | Gauntlet | Found a runed translucent gate.
 25194 | Gauntlet | Found a runed translucent gate.
 25194 | Gauntlet | Found a runed translucent gate.
 25196 | Gauntlet | Found a transporter.
 25204 | Gauntlet | Found a transporter.
 25206 | Gauntlet | Found a transporter.
 25206 | Gauntlet | Found a transporter.
 25213 | Gauntlet | Found a transporter.
 25247 | Gauntlet | Found a large runed translucent door.
 25248 | Gauntlet | Found a large runed translucent door.
 25250 | Gauntlet | Found a transporter.
 25251 | Gauntlet | Found a large runed translucent door.
 25252 | Gauntlet | Found a large runed translucent door.
 25268 | Gauntlet | Found a transporter.
 25288 | Gauntlet | Found a large runed translucent door.
 25288 | Gauntlet | Found a large runed translucent door.
 25289 | Gauntlet | Found a large runed translucent door.
 25290 | Gauntlet | Found a large runed translucent door.
 25292 | Gauntlet | Found a transporter.
 25326 | Gauntlet | Found a transporter.
 25340 | Gauntlet | Found a transporter.
 25441 | Gauntlet | Found a transporter.
 25469 | Gauntlet | Found a transporter.
 25610 | Gauntlet | Identified the +1 helmet "Zotephin" {Int+5}
 25679 | Gauntlet | Identified the ring of Lenoc {rPois EV+5 Slay+3}
 25685 | Gauntlet | Identified the +0 pair of boots "Jenarr" {rC+}
 25722 | Gauntlet | Identified the +0 cloak of the Ladybird {rPois Stlth+}
 25775 | Gauntlet | Identified the orb of Mumblety Peg {*Rage, Str+5 Int+3
                  | Dex+2}
 25970 | D:14     | Acquired the amulet "Lebbor" {Reflect rElec Str+5 Dex-3
                  | SH+5}
 26737 | D:15     | Noticed Jorgrun
 27091 | Snake:1  | Entered Level 1 of the Snake Pit
 27153 | Snake:1  | Identified the +2 robe of Welischufo {rPois Str+6 Int-2
                  | Stlth+}
 27441 | Snake:1  | Reached skill level 19 in Fighting
 27688 | Snake:1  | Reached XP level 17. HP: 122/122 MP: 29/29
 27723 | Snake:1  | Reached skill level 5 in Dodging
 29444 | Snake:3  | Noticed Vashnia
 29763 | Snake:3  | Noticed Asterion
 30620 | Snake:3  | Killed Asterion
 30628 | Snake:3  | Killed Vashnia
 30927 | Snake:4  | Entered Level 4 of the Snake Pit
 30969 | Snake:4  | Reached skill level 20 in Fighting
 31037 | Snake:4  | Identified the serpent talisman of Yredelemnul's Outrage
                  | {rC- Will+ SInv}
 31037 | Snake:4  | Noticed Aizul
 31071 | Snake:3  | Killed Aizul
 32521 | Snake:4  | Reached XP level 18. HP: 126/129 MP: 20/30
 32630 | Snake:4  | Noticed Bai Suzhen
 32690 | Snake:4  | Killed Bai Suzhen
 33454 | Snake:4  | Reached skill level 15 in Armour
 34243 | Snake:4  | Got a serpentine rune of Zot
 34414 | Shoals:1 | Entered Level 1 of the Shoals
 34651 | Shoals:2 | Noticed Polyphemus
 35392 | Shoals:3 | Noticed Mara
 35491 | Shoals:2 | Killed Polyphemus
 35624 | Shoals:2 | Identified the +8 quarterstaff "Cobat" {heavy, rElec rC+
                  | rN+}
 35651 | Shoals:2 | Noticed Mlioglotl
 35667 | Shoals:2 | Killed Mlioglotl
 35833 | Shoals:3 | Reached skill level 21 in Fighting
 37174 | Shoals:3 | Noticed Yore's illusion
 37714 | Shoals:3 | Killed Mara
 37715 | Shoals:3 | Reached XP level 19. HP: 80/137 MP: 12/32
 37948 | Shoals:4 | Entered Level 4 of the Shoals
 38147 | Shoals:4 | Identified the +2 flail of the Cursing Enemy {holy, Dex+2}
 38368 | Abyss:3  | Found a corrupted altar of Lugonu.
 38368 | Abyss:3  | Cast into level 3 of the Abyss (merfolk aquamancer)
 38389 | Abyss:3  | Noticed a hellephant
 38540 | Abyss:3  | Noticed a bone dragon
 38553 | Abyss:3  | The Shining One protects you from harm!
 38556 | Abyss:3  | HP: 5/138 [water elemental (8)]
 38836 | Shoals:4 | Escaped the Abyss
 38959 | Shoals:4 | Reached skill level 10 in Shields
 40187 | Shoals:4 | Found a runed translucent door.
 40190 | Shoals:4 | Noticed Theoretic's ghost (adept GrRe)
 40787 | Shoals:4 | Got a barnacled rune of Zot
 41320 | Vaults:1 | Entered Level 1 of the Vaults
 41686 | Vaults:1 | Reached skill level 22 in Fighting
 42142 | Vaults:1 | Reached XP level 20. HP: 51/145 MP: 3/33
 43172 | Vaults:2 | Found a staircase to the Crypt.
 43172 | Vaults:2 | Found a basalt altar of Yredelemnul.
 43173 | Vaults:2 | Found an ancient bone altar of Kikubaaqudgha.
 43192 | Crypt:1  | Entered Level 1 of the Crypt
 44272 | Crypt:2  | Reached ****** piety under the Shining One
 44542 | Crypt:2  | Identified the +1 chain mail "Dupn" {Dex-4 Slay+4}
 44666 | Crypt:3  | Entered Level 3 of the Crypt
 45463 | Vaults:2 | Found Galav's Armour Boutique.
 46971 | Vaults:2 | Reached skill level 23 in Fighting
 47067 | Vaults:3 | Reached XP level 21. HP: 90/153 MP: 35/35
 48876 | Vaults:3 | Identified the +8 long sword of Reason {freeze, rF+}
 50127 | Vaults:4 | Demolished by a vault warden

Illustrated notes

Levels and vault maps discovered:
D:1:      kb_arrival_jail, layout_basic
D:2:      layout_loops_ring, hellmonk_ecumenical_altar_zigzags, serial_shops,
          shop, nicolae_shop_trees, shop, shop, nicolae_shop_overgrown_old_shop
D:3:      layout_basic, lemuel_coloured_pillars_altar,
          mainiacjoe_overflow_small_starburst, mainiacjoe_overflow_alcove_4,
          serial_corexii_hall, chequers_hall_statues_y,
          chequers_hall_statues_corner_a, serial_shops,
          nicolae_shop_tiny_waterfront, uniq_terence
D:4:      layout_basic, amcnicky_altar_gilded, serial_shops, shop,
          nicolae_letterblocks [nicolae_letter_subblock,
          nicolae_letter_subblock, nicolae_letter_subblock,
          nicolae_letter_subblock, nicolae_letter_subblock,
          nicolae_letter_subblock, nicolae_letter_subblock,
          nicolae_letter_subblock, nicolae_letter_subblock,
          nicolae_letter_subblock, nicolae_letter_subblock,
          nicolae_letter_subblock, nicolae_letter_subblock,
          nicolae_letter_subblock, nicolae_letter_subblock,
          nicolae_letter_subblock, nicolae_letter_subblock,
          nicolae_letter_subblock, nicolae_letter_subblock,
          nicolae_letter_subblock, nicolae_letter_subblock,
          nicolae_letter_subblock, nicolae_letter_subblock,
          nicolae_letter_subblock, nicolae_letter_subblock], uniq_pikel,
          uniq_robin
D:5:      layout_loops_ring, trog_book, minmay_lizard_king, uniq_grinder
D:6:      layout_rooms, evilmike_ruin_ashenzari,
          mainiacjoe_overflow_large_starburst, enter_ossuary_3,
          corexii_hall_statues_x, kennysheep_generic_room_8
D:7:      layout_cave_pools, mainiacjoe_overflow_chevrons,
          minmay_temple_entry_large_hall, uniq_maggie
D:8:      layout_basic, zin_purify, kennysheep_mini, hangedman_ru_absence,
          enter_bailey_2
D:9:      cheibrodos_shockbox, layout_loops_ring, hiddenorc2_lemuel
D:10:     cheibrodos_orc_bank, layout_basic, lemuel_doored_altar,
          david_lair_shrubbed, uniq_lodul
D:11:     layout_gridville, serial_bayou_pond_d
D:12:     layout_loops_ring, gammafunk_ghost_split
D:13:     layout_roguey, hellmonk_vaults_keyhole,
          nicolae_concentric_dashed_squares_wild, uniq_frances
D:14:     layout_gridville, chequers_avenue, gauntlet_entry_generic
D:15:     hangedman_depths_entry_try_elsewhere_first, layout_basic,
          uniq_roxanne, uniq_jorgrun
Temple:   corrupted_temple
Lair:1:   regret_index_malice_mire, layout_regular_city, gammafunk_ghost_icy,
          serial_bayou_shore_b, serial_bayou_shore_b
Lair:2:   layout_cave_pods, grunt_megastairs_2
Lair:3:   layout_cave_pods, elwin_shoals_entry_rocks,
          minmay_snake_entry_six_corridors, minmay_lindwurm_lava, uniq_sonja
Lair:4:   wad_woods_stonehenge, layout_small_grid,
          nicolae_slime_entry_field_trip, serial_bayou_crossing,
          lemuel_fruit_tree
Lair:5:   grunt_lair_end_beastmaster, layout_misc_corridors
Shoals:1: layout_shoals
Shoals:2: layout_shoals, portal_ice_cave_entry_ice_statue_two, uniq_mlioglotl,
          uniq_polyphemus
Shoals:3: layout_shoals, uniq_mara
Shoals:4: shoals_end_grunt_ice, layout_shoals, ebering_ghost_inner_flame
Snake:1:  layout_onion_interference
Snake:2:  layout_cave_shapes
Snake:3:  layout_rooms, uniq_vashnia, uniq_asterion
Snake:4:  grunt_snake_rune_pools, layout_onion_interference, st_stairs_6,
          serial_bayou_pond_a, grunt_megastairs_4, uniq_bai_suzhen, uniq_aizul
Orc:1:    layout_caves, serial_shops, nicolae_shop_just_a_little_nook,
          nicolae_shop_real_fake_doors, shop, shop, nicolae_square_shop,
          gammafunk_ghost_wrathful_warriors, nicolae_orc_hostile_takeover,
          uniq_erolcha
Orc:2:    grunt_orc_tribal_feast, layout_caves, serial_shops, shop,
          gammafunk_ghost_berserking_beasts
Vaults:1: vaults_mumra_chevron_long, ontoclasm_vaults_shuriken,
          nicolae_vaults_offset_grid_hallway_3, v_alt_pattern_3, st_cross,
          vaults_room_hallway, nicolae_vaults_little_squares_4,
          vaults_mumra_lcd, vaults_room_corners, vaults_dpeg_ring,
          nicolae_vaults_diamond_2, dpeg_vaults_monster_box,
          layout_vaults_chaotic_city
Vaults:2: minmay_crypt_entry_necro_gods, ontoclasm_vaults_spin,
          nicolae_vaults_disjoint_gnomons, nicolae_vaults_circle_grid_a,
          grunt_vaults_diagonal, grunt_vaults_hallway_short,
          vaults_room_stairs_pillars, vaults_room_fours, nicolae_vaults_cochlea,
          nicolae_vaults_house_1, vaults_mumra_hex, layout_vaults_omnicross,
          serial_shops, shop, uniq_margery
Vaults:3: nicolae_vaults_windows_and_doors_thing, hangedman_vaults_variations,
          v_misc_11, nicolae_vaults_more_shelving_1, v_misc_16,
          nicolae_vaults_surprise_closet, grunt_vaults_bifocal,
          nicolae_vaults_double_plus_2, v_misc_19, vaults_mumra_hexcomb,
          nicolae_vaults_stand_back, layout_vaults_ring
Vaults:4: nicolae_vaults_weapon_check, vaults_room_door_ring,
          vaults_room_semicircle, nicolae_vaults_sesquioval_fish,
          nicolae_vaults_trapezoid_lopsided_1, v_alt_pattern_2,
          vaults_room_hangedman_quadrants, nicolae_vaults_network_s, v_misc_27,
          nicolae_vaults_rhombus_7, nicolae_vaults_tetromino_L_1,
          layout_vaults_quadrants, serial_shops, shop_statue, shop,
          nicolae_square_shop
Crypt:1:  layout_chaotic_city, nicolae_crypt_skullbonk,
          grunt_crypt_arrival_webbed, grunt_megastairs_3
Crypt:2:  minmay_guarded_unrand_sceptre_of_torment, layout_catacombs,
          hellmonk_ghost_happy_afterlife, grunt_ministairs_4,
          nicolae_crypt_lichyard, uniq_saint_roka
Crypt:3:  evilmike_haunted_forest, uniq_sojobo

Skill      XL: |  1  2  3  4  5  6  7  8  9 10 11 12 13 14 15 16 17 18 19 20 21 |
---------------+----------------------------------------------------------------+-----
Fighting       | 4 5 7 9 11 12 13 15 16 17 18 19 20 21 22 23 | 23.5
Armour         | 4 5 6 8 9 10 11 12 13 14 15 16 17 | 17.4
Shields        | 4 6 8 9 10 11 12 | 12.3
Maces & Flails | 3 4 5 7 8 9 10 11 12 13 14 | 14.8
Invocations    | 5 8 10 12 13 14 16 17 18 19 20 21 | 21.4
Dodging        | 1 3 4 5 |  5.0

Action                     |  1- 3 |  4- 6 |  7- 9 | 10-12 | 13-15 | 16-18 | 19-21 || total
---------------------------+-------+-------+-------+-------+-------+-------+-------++-------
  Melee: Flail             |   129 |   158 |     7 |       |       |       |   314 ||   608
         Whip              |       |       |   468 |   999 |  1223 |  2299 |  1508 ||  6497
         Morningstar       |       |       |       |       |       |       |   108 ||   108
  Throw: Boomerang         |       |       |       |     8 |    34 |    91 |     1 ||   134
 Invoke: Divine Shield     |       |       |       |     3 |     1 |     5 |     1 ||    10
         Cleansing Flame   |       |       |       |     1 |     5 |    36 |    46 ||    88
         Summon Divine War |       |       |       |       |       |     5 |     4 ||     9
  Evoke: Wand              |       |       |     3 |    19 |       |     6 |     9 ||    37
         Phantom mirror    |       |       |       |       |     1 |     2 |     1 ||     4
         Lightning rod     |       |       |       |       |     2 |     7 |     3 ||    12
         Phial of floods   |       |       |       |       |     1 |     1 |       ||     2
         Sack of spiders   |       |       |       |       |       |     1 |       ||     1
    Use: Scroll            |     2 |     1 |     9 |     9 |     5 |    11 |    13 ||    50
         Potion            |       |     1 |       |     3 |     2 |     5 |    18 ||    29
 Armour: Scale mail        |   112 |     4 |       |       |       |       |       ||   116
         Chain mail        |       |   116 |    40 |       |       |   133 |       ||   289
         Fire dragon scale |       |       |   392 |   599 |   893 |    98 |       ||  1982
         Ring mail         |       |       |       |       |       |   830 |   827 ||  1657
  Dodge: Dodged            |    80 |    68 |   217 |   294 |   426 |   738 |   691 ||  2514
         Repelled          |       |       |     5 |     1 |     1 |     2 |       ||     9
  Block: Buckler           |    30 |    36 |   111 |   175 |   241 |   234 |       ||   827
         Tower shield      |       |       |       |       |       |   334 |       ||   334
         Kite shield       |       |       |       |       |       |   704 |  1574 ||  2278
         Reflection        |       |       |       |       |       |   149 |    75 ||   224
